 Dungeon Crawl Stone Soup version 0.30-b1-2-g02819fbbbe (webtiles) character file.

Game seed: 13482144576997547125

28 Alarkh the Slasher (level 3, 29/29 HPs)
             Began as a Demonspawn Chaos Knight on May 21, 2023.
             Was a Plaything of Xom.
             Got out of the dungeon alive.
             The game lasted 00:00:41 (1092 turns).

Alarkh the Slasher (Demonspawn Chaos Knight)        Turns: 1092, Time: 00:00:41

Health: 29/29      AC:  7    Str: 12    XL:     3   Next: 0%
Magic:  3/3        EV: 11    Int: 15    God:    Xom [....*.]
Gold:   48         SH:  0    Dex: 12    Spells: 2/2 levels left

rFire   . . .        a - +0 falchion (chaos)
rCold   . . .        (no shield)
rNeg    . . .        b - +2 leather armour
rPois   .            (no helmet)
rElec   .            (no cloak)
rCorr   .            (no gloves)
SInv    .            (no boots)
Will    .....        (no amulet)
Stlth   +            (no ring)
HPRegen 0.24/turn    (no ring)
MPRegen 0.08/turn

%: no passive effects
@: no status effects
A: yellow scales 1, weakness stinger 1
a: Renounce Religion


You escaped.
You worshipped Xom.
You were a beloved toy of Xom.
You visited 1 branch of the dungeon, and saw 1 of its levels.

You collected 48 gold pieces.

Inventory:

Hand Weapons
 a - a +0 falchion of chaos (weapon)
Armour
 b - a +2 leather armour (worn)
Magical Staves
 g - a staff of death
Scrolls
 d - a scroll of butterflies {unknown}
 f - a scroll of enchant weapon {unknown}
 i - a scroll of silence {unknown}
 k - a scroll of noise {unknown}
 l - a scroll of vulnerability {unknown}
 m - a scroll of identify {unknown}
Potions
 e - a potion of lignification {unknown}
 h - a potion of heal wounds {unknown}
 j - a potion of degeneration {unknown}
 n - a potion of attraction {unknown}
Miscellaneous
 c - a piece from Xom's chessboard (15/15) (quivered)


   Skills:
 + Level 3.3 Fighting
 * Level 3.3 Long Blades
 - Level 1.7 Armour
 + Level 1.4 Dodging


You had 2 spell levels left.
You didn't know any spells.
Your spell library was empty.

Dungeon Overview and Level Annotations

Branches:
Dungeon (1/15)

Altars:


Innate Abilities, Weirdness & Mutations

You are partially covered in yellow scales. (AC +2)
You have a small tail.


Message History

You open the door.
There is an open door here.
You open the door.
There is an open door here.
A rat comes into view.
A rat is nearby!
A rat is nearby!
The rat closely misses you.
You slash the rat!
You kill the rat!
You have reached level 3!
Your experience leads to an increase in your attributes!
Increase (S)trength, (I)ntelligence, or (D)exterity?
You feel clever. x2; Your demonic ancestry asserts itself...
Yellow scales grow over part of your body.
Xom is highly amused!
You see here a rat corpse.
You see here a rat corpse.
Found 6 stones.
Xom makes a sudden noise!
You hear a knock.
You are now a beloved toy of Xom.
You open the door.
There is an open door here.
You open the door.
There is an open door here.
You open the door.
There is an open door here.
There is an open door here.
There is an open door here.
There is an open door here.
There is an open door here.
You now have 48 gold pieces (gained 4).
Done exploring.
Done exploring.
Done exploring.
There is an open door here.
There is an open door here.
There is a staircase leading out of the dungeon here.
Are you sure you want to leave the Dungeon?
This will make you lose the game!
You have escaped!

####.#######.....## #.###.#8.
#........# ##...## #.###.##.
#.##.###^# ##'## #.....##.
#....# #.# #.# #####.#8.
#.######.# #.# #.##. #........#
##.## #.##. #.###########...##
#.#8. #.........##.....#
##########.
######.......#@######8##8##8##.
#.##.##.#####.'...........
#.##..........##8##8##8##.
#.#####.#.###############.
#.......#.# #8. #########.# ##.
#.# ##. ######## #.# #8.
#...(..### #.# ##.


There were no monsters in sight!

Vanquished Creatures
  A giant cockroach (D:1)
  2 goblins (D:1)
  2 hobgoblins (D:1)
  8 jackals (D:1)
  2 kobolds (D:1)
  2 quokkas (D:1)
  2 ball pythons (D:1)
  3 bats (D:1)
  A frilled lizard (D:1)
  2 rats (D:1)
25 creatures vanquished.

Notes
Turn   | Place    | Note
-------+----------+-------------------------------------------
     0 | D:1      | Alarkh the Demonspawn Chaos Knight began the quest for the
                  | Orb.
     0 | D:1      | Reached XP level 1. HP: 18/18 MP: 1/1
    84 | D:1      | Reached skill level 1 in Dodging
   170 | D:1      | XOM: silly message
   306 | D:1      | XOM: silly message
   313 | D:1      | Gained mutation: You have a small tail. [demonic ancestry]
   313 | D:1      | Reached XP level 2. HP: 22/24 MP: 2/2
   516 | D:1      | XOM: 7-stop teleportation journey
   801 | D:1      | Gained mutation: You are partially covered in yellow
                  | scales. (AC +2) [demonic ancestry]
   801 | D:1      | Reached XP level 3. HP: 29/29 MP: 3/3
   870 | D:1      | XOM: noise
  1092 | D:$      | Got out of the dungeon alive.

Illustrated notes

Levels and vault maps discovered:
D:1:      saegor_arrival_simple_a, layout_loops_corners, dk_noncrumbling_2,
          grunt_decor_clamped, minmay_unequal

Skill      XL: |  1 |
---------------+----+-----
Dodging        | 1 |  1.4
Long Blades    | 3 |  3.3
Fighting       | |  3.3
Armour         | |  1.7

Action                     || total
---------------------------++-------
  Melee: Falchion          ||    70
         Tailslap          ||     9
         Punch             ||     1
   Stab: Sleeping          ||     1
 Armour: Leather armour    ||    29
  Dodge: Dodged            ||    43
